 Dungeon Crawl Stone Soup version 0.22-a0-348-gd16d139 (webtiles) character file.

4942 xccam the Fighter (level 10, -8/86 HPs)
             Began as a Gnoll Wanderer on Apr 7, 2018.
             Was a Follower of Cheibriados.
             Killed by divine providence
             ... invoked by an orc priest
              (10 damage)
             ... on level 7 of the Dungeon.
             The game lasted 00:16:02 (5987 turns).

xccam the Fighter (Gnoll Wanderer)                  Turns: 5987, Time: 00:16:02

Health: -8/86      AC: 11    Str: 18 (19) XL:     10   Next: 52%
Magic:  15/18      EV: 18    Int: 15 (16) God:    Cheibriados [*.....]
Gold:   331        SH: 11    Dex: 21 (23) Spells: 20/20 levels left

rFire    . . .     SeeInvis .   I - +1 spear (pierce)
rCold    . . .     Gourm    .   l - +0 shield
rNeg     . . .     Faith    .   k - +0 scale mail (curse)
rPois    +         Spirit   .   n - +0 helmet
rElec    .         Reflect  .   d - +0 cloak
rCorr    .         Harm     .   (no gloves)
MR       .....                  m - +0 pair of boots
Stlth    +++++.....             h - amulet of regeneration
HPRegen  0.64/turn              H - ring of poison resistance
MPRegen  0.16/turn              B - ring of stealth

@: agile, very slow
A: distributed training, fangs 1, strong nose
a: Bend Time, Renounce Religion


You were on level 7 of the Dungeon.
You worshipped Cheibriados.
Cheibriados was aware of your devotion.
You were not hungry.

You visited 2 branches of the dungeon, and saw 8 of its levels.

You collected 331 gold pieces.

Inventory:

Hand Weapons
 o - a +0 long sword
 E - a cursed +0 scimitar
 I - a +1 spear of piercing (weapon)
Missiles
 p - 4 poisoned javelins (quivered)
Armour
 d - a +0 cloak (worn)
 k - a cursed +0 scale mail (worn)
 l - a +0 shield (worn)
 m - a +0 pair of boots (worn)
 n - a +0 helmet (worn)
 F - a +0 plate armour
Jewellery
 g - an uncursed amulet of the gourmand {unknown}
 h - an amulet of regeneration (around neck)
 j - a cursed amulet of inaccuracy {unknown}
 z - an uncursed amulet of rage {unknown}
 A - an uncursed ring of flight
 B - a ring of stealth (right hand)
 H - a ring of poison resistance (left hand)
Scrolls
 b - a scroll of holy word {unknown}
 e - a scroll of enchant armour {unknown}
 q - 2 scrolls of fog {unknown}
 r - 2 scrolls of random uselessness {unknown}
 t - a scroll of noise {unknown}
 v - 2 scrolls of enchant weapon {unknown}
 y - 4 scrolls of teleportation {unknown}
 C - 2 scrolls of remove curse {unknown}
Potions
 i - 3 potions of brilliance
 w - 2 potions of resistance
 G - a potion of magic
Comestibles
 f - 9 rations


   Skills:
 + Level 10.3 Fighting
 + Level 5.9 Short Blades
 + Level 5.9 Long Blades
 + Level 5.9 Axes
 + Level 5.9 Maces & Flails
 + Level 5.9 Polearms
 + Level 5.9 Staves
 + Level 5.9 Slings
 + Level 5.9 Bows
 + Level 5.9 Crossbows
 + Level 5.9 Throwing
 + Level 5.9 Armour
 + Level 7.5 Dodging
 + Level 8.5 Stealth
 + Level 6.5 Shields
 + Level 5.9 Unarmed Combat
 + Level 5.9 Spellcasting
 + Level 4.9 Conjurations
 + Level 4.9 Hexes
 + Level 4.9 Charms
 + Level 4.9 Summonings
 + Level 4.9 Necromancy
 + Level 4.9 Translocations
 + Level 4.9 Transmutations
 + Level 4.9 Fire Magic
 + Level 4.9 Ice Magic
 + Level 4.9 Air Magic
 + Level 4.9 Earth Magic
 + Level 4.9 Poison Magic
 + Level 6.5 Invocations
 + Level 5.9 Evocations


You had 20 spell levels left.
You didn't know any spells.

Dungeon Overview and Level Annotations

Branches:
Dungeon (7/15)             Temple (1/1) D:6

Altars:
Ashenzari
Cheibriados
Dithmenos
Elyvilon
Fedhas
Gozag
Hepliaklqana
Kikubaaqudgha
Makhleb
Nemelex Xobeh
Okawaru
Qazlal
Ru
Sif Muna
Trog
Uskayaw
Vehumet
Wu Jian
Xom
Yredelemnul
Zin
The Shining One


Innate Abilities, Weirdness & Mutations

Your experience applies equally to all skills.
You have very sharp teeth.
Your uncanny sense of smell can sniff out nearby items.


Message History

The orc warrior hits you with a short sword!
* * * LOW HITPOINT WARNING * * *
You hit the orc warrior but do no damage.
The orc warrior is heavily wounded.
You block the orc warrior's attack.
The orc priest looks satisfied for a moment.
You feel better.
The orc priest calls down the wrath of Beogh upon you.
Beogh smites you!
* * * LOW HITPOINT WARNING * * *
You block the jelly's attack. The orc warrior misses you.
You hit the jelly.
Your hands burn!
* * * LOW HITPOINT WARNING * * *
The jelly is moderately wounded.
The orc priest calls down the wrath of Beogh upon you.
Beogh smites you!
* * * LOW HITPOINT WARNING * * *
The orc priest calls down the wrath of Beogh upon you.
Beogh smites you!
You die...

#.####....#..
#.o.)........
#<........
##....#...
#.........
#ooo.##.Z.
##Z#.# ..
#oJ#.# #.@#.#
#..# # #..#
####


You could see an orc warrior, a jelly, 3 orc priests and an adder zombie.

Vanquished Creatures
  The ghost of Tungsten the Fighter, a novice GnWn of Qazlal (D:6)
  Sigmund (D:2)
  Eustachio (D:5)
  Menkaure (D:5)
  The ghost of Anon1729 the Sneak, an amateur OpEE (D:4)
  2 ice beasts (D:6)
  A black bear (D:6)
  An orc warrior (D:3)
  A phantom (D:6)
  An ogre (D:6)
  3 centaurs
  2 howler monkeys (D:5)
  2 crimson imps (D:5)
  2 jellies (D:5)
  A bullfrog zombie (D:5)
  A bullfrog skeleton (D:6)
  5 orc priests
  2 hounds
  Crazy Yiuf (D:4)
  Ijyb (D:4)
  5 orc wizards (D:6)
  2 worker ants
  A worker ant zombie (D:6)
  A gnoll (D:1)
  4 adders
  An ooze (D:3)
  An adder zombie (D:5)
  5 worms
  4 dart slugs
  5 leopard geckos
  24 orcs
  7 giant cockroaches
  12 goblins
  8 hobgoblins
  16 jackals
  6 kobolds
  3 quokkas
  6 bats
  3 frilled lizards
  9 rats
154 creatures vanquished.

Notes
Turn   | Place    | Note
-------+----------+-------------------------------------------
     0 | D:1      | xccam the Gnoll Wanderer began the quest for the Orb.
     0 | D:1      | xccam set off with: a +2 dagger, a potion of heal wounds, a +0 falchion, a potion of curing, a +0 robe, a ration
     0 | D:1      | Reached XP level 1. HP: 26/26 MP: 1/1
    59 | D:1      | Reached XP level 2. HP: 12/33 MP: 2/2
   561 | D:1      | Reached XP level 3. HP: 38/38 MP: 3/3
   953 | D:2      | Reached skill level 1 in Invocations
  1030 | D:2      | Reached skill level 1 in Short Blades
  1030 | D:2      | Reached skill level 1 in Long Blades
  1030 | D:2      | Reached skill level 1 in Axes
  1030 | D:2      | Reached skill level 1 in Maces & Flails
  1030 | D:2      | Reached skill level 1 in Polearms
  1030 | D:2      | Reached skill level 1 in Staves
  1030 | D:2      | Reached skill level 1 in Slings
  1030 | D:2      | Reached skill level 1 in Bows
  1030 | D:2      | Reached skill level 1 in Crossbows
  1030 | D:2      | Reached skill level 1 in Throwing
  1030 | D:2      | Reached skill level 1 in Armour
  1030 | D:2      | Reached skill level 1 in Unarmed Combat
  1030 | D:2      | Reached skill level 1 in Spellcasting
  1030 | D:2      | Reached skill level 1 in Evocations
  1104 | D:2      | Reached XP level 4. HP: 45/45 MP: 5/5
  1221 | D:2      | Noticed Sigmund
  1234 | D:2      | Killed Sigmund
  1234 | D:2      | Reached skill level 1 in Conjurations
  1234 | D:2      | Reached skill level 1 in Hexes
  1234 | D:2      | Reached skill level 1 in Charms
  1234 | D:2      | Reached skill level 1 in Summonings
  1234 | D:2      | Reached skill level 1 in Necromancy
  1234 | D:2      | Reached skill level 1 in Translocations
  1234 | D:2      | Reached skill level 1 in Transmutations
  1234 | D:2      | Reached skill level 1 in Fire Magic
  1234 | D:2      | Reached skill level 1 in Ice Magic
  1234 | D:2      | Reached skill level 1 in Air Magic
  1234 | D:2      | Reached skill level 1 in Earth Magic
  1234 | D:2      | Reached skill level 1 in Poison Magic
  1234 | D:2      | Reached XP level 5. HP: 47/51 MP: 5/7
  1335 | D:2      | Reached XP level 6. HP: 57/57 MP: 8/8
  2056 | D:3      | Noticed an orc warrior
  2068 | D:3      | Reached skill level 5 in Dodging
  2313 | D:3      | Killed an orc warrior
  2765 | D:4      | Noticed Ijyb
  2799 | D:4      | Reached XP level 7. HP: 41/63 MP: 10/10
  2840 | D:4      | Killed Ijyb
  2996 | D:4      | Found an ancient bone altar of Kikubaaqudgha.
  3020 | D:4      | Noticed Anon1729's ghost (amateur OpEE)
  3047 | D:4      | Killed Anon1729's ghost
  3342 | D:4      | Found a runed door.
  3346 | D:4      | Noticed Crazy Yiuf
  3362 | D:4      | Killed Crazy Yiuf
  4028 | D:5      | Entered Level 5 of the Dungeon
  4084 | D:5      | Noticed Menkaure
  4091 | D:5      | Killed Menkaure
  4091 | D:5      | Reached skill level 9 in Fighting
  4136 | D:5      | Reached XP level 8. HP: 41/71 MP: 12/12
  4783 | D:5      | Noticed Eustachio
  4881 | D:5      | Killed Eustachio
  5078 | D:6      | Found a staircase to the Ecumenical Temple.
  5099 | Temple   | Entered the Ecumenical Temple
  5229 | Temple   | Became a worshipper of Cheibriados the Contemplative
  5334 | D:6      | Noticed Tungsten's ghost (novice GnWn)
  5358 | D:6      | Reached XP level 9. HP: 76/76 MP: 14/14
  5395 | D:6      | Reached * piety under Cheibriados
  5456 | D:6      | Killed Tungsten's ghost
  5565 | D:6      | Reached skill level 10 in Fighting
  5565 | D:6      | Reached skill level 5 in Short Blades
  5565 | D:6      | Reached skill level 5 in Long Blades
  5565 | D:6      | Reached skill level 5 in Axes
  5565 | D:6      | Reached skill level 5 in Maces & Flails
  5565 | D:6      | Reached skill level 5 in Polearms
  5565 | D:6      | Reached skill level 5 in Staves
  5565 | D:6      | Reached skill level 5 in Slings
  5565 | D:6      | Reached skill level 5 in Bows
  5565 | D:6      | Reached skill level 5 in Crossbows
  5565 | D:6      | Reached skill level 5 in Throwing
  5565 | D:6      | Reached skill level 5 in Armour
  5565 | D:6      | Reached skill level 5 in Unarmed Combat
  5565 | D:6      | Reached skill level 5 in Spellcasting
  5565 | D:6      | Reached skill level 5 in Evocations
  5565 | D:6      | Reached XP level 10. HP: 85/85 MP: 15/18
  5815 | D:6      | Found a blossoming altar of Fedhas.
  5987 | D:7      | HP: 2/86 [orc priest/divine providence (9)]
  5987 | D:7      | Killed from afar by an orc priest

Vault maps used:
D:1:      eino_arrival_water_star
D:2:      uniq_sigmund
D:3:      cheibrodos_old_hovel
D:4:      old_standard_altar, first_ration, uniq_ijyb, uniq_crazy_yiuf_cottage
D:5:      uniq_eustachio, uniq_menkaure
D:6:      minmay_temple_entry_junction, basic_altar
D:7:      kennysheep_another_room, uniq_duvessa
Temple:   regret_index_temple_sigil_plot

Skill      XL: |  1  2  3  4  5  6  7  8  9 |
---------------+----------------------------+-----
Stealth        | 6 7 8 |  8.5
Invocations    | 1 2 3 4 6 |  6.5
Short Blades   | 1 2 3 5 |  5.9
Long Blades    | 1 2 3 5 |  5.9
Axes           | 1 2 3 5 |  5.9
Maces & Flails | 1 2 3 5 |  5.9
Polearms       | 1 2 3 5 |  5.9
Staves         | 1 2 3 5 |  5.9
Slings         | 1 2 3 5 |  5.9
Bows           | 1 2 3 5 |  5.9
Crossbows      | 1 2 3 5 |  5.9
Throwing       | 1 2 3 5 |  5.9
Armour         | 1 2 3 5 |  5.9
Unarmed Combat | 1 2 3 5 |  5.9
Spellcasting   | 1 2 3 5 |  5.9
Evocations     | 1 2 3 5 |  5.9
Shields        | 3 4 6 |  6.5
Conjurations   | 1 2 3 4 |  4.9
Hexes          | 1 2 3 4 |  4.9
Charms         | 1 2 3 4 |  4.9
Summonings     | 1 2 3 4 |  4.9
Necromancy     | 1 2 3 4 |  4.9
Translocations | 1 2 3 4 |  4.9
Transmutations | 1 2 3 4 |  4.9
Fire Magic     | 1 2 3 4 |  4.9
Ice Magic      | 1 2 3 4 |  4.9
Air Magic      | 1 2 3 4 |  4.9
Earth Magic    | 1 2 3 4 |  4.9
Poison Magic   | 1 2 3 4 |  4.9
Dodging        | 5 6 7 |  7.5
Fighting       | 9 10 | 10.3

Action                   |  1- 3 |  4- 6 |  7- 9 | 10-12 || total
-------------------------+-------+-------+-------+-------++-------
Melee: Dagger            |   142 |   233 |   137 |       ||   512
       Bite              |    15 |    31 |    44 |    14 ||   104
       Punch             |       |     3 |     6 |     1 ||    10
       Spear             |       |       |   329 |    87 ||   416
Throw: Javelin           |       |     5 |     4 |     1 ||    10
Invok: Bend Time         |       |       |       |     1 ||     1
  Use: Potion            |       |     1 |     9 |     3 ||    13
       Scroll            |       |       |     5 |       ||     5
 Stab: Sleeping          |     4 |     8 |    10 |     3 ||    25
       Distracted        |       |       |       |     1 ||     1
  Eat: Chunk             |     1 |     5 |     6 |     1 ||    13
       Ration            |       |       |     1 |       ||     1
Armor: Robe              |    31 |    25 |       |       ||    56
       Scale mail        |       |    20 |   127 |    27 ||   174
       Skin              |       |       |    83 |       ||    83
Dodge: Dodged            |   118 |   171 |   271 |    38 ||   598
Block: Shield            |       |       |       |    24 ||    24

Table legend:
 A = Spawn XP
 B = Non-spawn XP
 C = Spawn XP percentage of total XP
 D = Spawn monster count
 E = Non-spawn monster count
 F = Spawn count percentage of total count
 G = Total turns spent on level
                    A         B        C        D         E        F      G
               +---------+---------+-------+---------+---------+-------+---------
         Total |       0 |    3873 |   0.0 |       0 |     154 |   0.0 |  5987
               +---------+---------+-------+---------+---------+-------+---------
           D:1 |       0 |      49 |   0.0 |       0 |      21 |   0.0 |   931
           D:2 |       0 |     278 |   0.0 |       0 |      26 |   0.0 |   593
           D:3 |       0 |     261 |   0.0 |       0 |      32 |   0.0 |  1194
           D:4 |       0 |     367 |   0.0 |       0 |      14 |   0.0 |  1310
           D:5 |       0 |    1191 |   0.0 |       0 |      27 |   0.0 |  1044
           D:6 |       0 |    1724 |   0.0 |       0 |      33 |   0.0 |   732
           D:7 |       0 |       3 |   0.0 |       0 |       1 |   0.0 |    29
               +---------+---------+-------+---------+---------+-------+---------
